 Dungeon Crawl Stone Soup version 0.30-a0-386-g8146738 (webtiles) character file.

Game seed: 708726444623633438

434 BarneyGumball the Cleaver (level 7, 0/81 (84) HPs)
             Began as a Hill Orc Gladiator on Dec 2, 2022.
             Slain by Pikel
             ... wielding a +1 whip of flaming
              (2 damage)
             ... on level 4 of the Dungeon.
             The game lasted 00:09:08 (3354 turns).

BarneyGumball the Cleaver (Hill Orc Gladiator)      Turns: 3354, Time: 00:09:09

HP:   0/81 (84)     AC: 11    Str: 17 (19) XL:     7   Next: 0%
MP:   7/7           EV:  7    Int:  7 (8)  God:
Gold: 146           SH:  0    Dex: 10 (12) Spells: 6/6 levels left

rFire   . . .      SeeInvis +    y - +0 broad axe
rCold   . . .      Faith    .    (no shield)
rNeg    . . .      Spirit   .    w - +0 chain mail
rPois   .          Reflect  .    c - +0 helmet
rElec   .          Harm     .    (no cloak)
rCorr   .          Rampage  .    l - +0 pair of gloves
Will    .....                    (no boots)
Stlth   ..........               (no amulet)
HPRegen 0.33/turn                h - ring of see invisible
MPRegen 0.10/turn                (no ring)

@: berserking, lightly drained, very quick
A: no striking features
a: no special abilities


You were on level 4 of the Dungeon.
You visited 1 branch of the dungeon, and saw 4 of its levels.

You collected 146 gold pieces.

Inventory:

Hand Weapons
 a - a +0 war axe
 y - a +0 broad axe (weapon)
Missiles
 d - 3 throwing nets (quivered)
 z - 4 poisoned darts
Armour
 c - a +0 helmet (worn)
 l - a +0 pair of gloves (worn)
 w - a +0 chain mail (worn)
Jewellery
 h - a ring of see invisible (left hand)
Wands
 t - a wand of paralysis (9)
 B - a wand of quicksilver (7)
Scrolls
 b - a scroll of identify {unknown}
 g - a scroll of blinking {unknown}
 p - 2 scrolls of teleportation
 q - 2 scrolls of magic mapping
 r - a scroll of poison {unknown}
 u - a scroll of fog
 v - a scroll of enchant armour {unknown}
 A - a scroll of immolation
 C - a scroll of summoning
Potions
 n - 2 potions of curing
 o - a potion of flight


   Skills:
 - Level 2.4 Fighting
 * Level 8.5 Axes
 - Level 1.7 Throwing
 + Level 4.1 Armour
 - Level 2.4 Dodging


You had 6 spell levels left.
You didn't know any spells.
Your spell library contained the following spells:

 Spells                   Type           Power      Damage    Failure   Level
 Slow                     Hex            0%         N/A       100%        1
 Confusing Touch          Hex            0%         N/A       100%        3
 Ozocubu's Armour         Ice            0%         N/A       100%        3
 Vampiric Draining        Necr           0%         2d6       100%        3
 Metabolic Englaciation   Hex/Ice        0%         N/A       100%        5
 Simulacrum               Ice/Necr       0%         N/A       100%        6
 Malign Gateway           Summ/Tloc      0%         N/A       100%        7
 Summon Horrible Things   Summ           0%         N/A       100%        8


Dungeon Overview and Level Annotations

Branches:
Dungeon (4/15)
 Temple: D:4-7

Altars:
Ashenzari
Kikubaaqudgha

Shops:
D:1 [[[(   D:3 (:[[

Annotations:
D:4 Pikel


Message History

The bolt of dispelling energy misses you.
It was a potion of degeneration.
There was something very wrong with that liquid.
You feel weakened.
You feel dopey.
You feel clumsy.
Pikel hits you with a +1 whip of flaming.
Pikel burns you.
It was a potion of cancellation.
You feel magically purged. Pikel hits you but does no damage.
It was a potion of brilliance.
You feel clever all of a sudden. Pikel barely misses you.
It was a potion of attraction.
You feel attractive to monsters.
Pikel hits you with a +1 whip of flaming.
Pikel burns you.
It was a potion of berserk rage.
A red film seems to cover your vision as you go berserk!
You feel yourself moving faster!
You feel mighty!
Pikel hits you with a +1 whip of flaming.
* * * LOW HITPOINT WARNING * * *
Pikel burns you.
* * * LOW HITPOINT WARNING * * *
You miss Pikel. Pikel hits you but does no damage.
You closely miss Pikel.
Pikel hits you with a +1 whip of flaming.
* * * LOW HITPOINT WARNING * * *
Pikel burns you.
* * * LOW HITPOINT WARNING * * *
You barely miss Pikel.
Pikel zaps a wand.
The bolt of dispelling energy hits you!
Your magical effects are unravelling.
* * * LOW HITPOINT WARNING * * *
You feel less attractive to monsters.
You slice Pikel!!
Pikel is heavily wounded.
You feel a little less clever now.
You hit Pikel.
Pikel is heavily wounded.
Pikel hits you with a +1 whip of flaming.
You die...

#.#.#........# #.#
#.#.#........# #.#
#.#.#.)......# #.#
#.#.#<#'#'#'## #.###
#.#.#.#.#.#.######....
#.#.#.#.#.#g...).).#..
#.#...#.#.##########..
#.#####.#r# #..
#.#..@K5#.# ###
#.#.###.#.#
#.#.#...#.# #.#.#.#.#
#.#.#.#K# #.#.# #5#
#.#.# #55 #.#.# #..
#.#.# ...


You could see Pikel and a lemure.

Vanquished Creatures
  A lemure (D:4)
  Blork the orc (D:4)
  Dowan (D:4)
  A jelly (D:4)
  A gnoll bouda (D:4)
  A hound (D:4)
  3 gnolls
  3 adders
  A white imp (D:4)
  5 dart slugs
  3 orcs
  2 ball pythons (D:2)
  3 endoplasms
  2 giant cockroaches
  6 goblins
  8 hobgoblins
  2 quokkas
  3 bats
  3 frilled lizards
  6 kobolds
  4 rats
60 creatures vanquished.

Vanquished Creatures (others)
  Duvessa (D:4)
1 creature vanquished.

Grand Total: 61 creatures vanquished

Notes
Turn   | Place    | Note
-------+----------+-------------------------------------------
     0 | D:1      | BarneyGumball the Hill Orc Gladiator began the quest for
                  | the Orb.
     0 | D:1      | Reached XP level 1. HP: 18/18 MP: 1/1
    95 | D:1      | Reached XP level 2. HP: 25/25 MP: 2/2
   122 | D:1      | Reached skill level 1 in Armour
   182 | D:1      | Found Odwesol's Weapon Shop.
   417 | D:1      | Found Hikhazat's Antique Armour Shoppe.
   464 | D:1      | Found Icur's Armour Boutique.
   480 | D:1      | Found Miamp's Armour Shop.
   680 | D:2      | Reached skill level 5 in Axes
   723 | D:2      | Reached XP level 3. HP: 30/30 MP: 3/3
   839 | D:2      | Found a broken altar of Ashenzari.
  1566 | D:3      | Found Xiniyf's Book Shop.
  1676 | D:3      | Found an ancient bone altar of Kikubaaqudgha.
  1738 | D:3      | Found Gentuil's Antique Armour Emporium.
  1773 | D:3      | Reached XP level 4. HP: 33/37 MP: 4/4
  1811 | D:3      | Found Izile's Antique Armour Shop.
  2051 | D:3      | Found Riofunty's Weapon Shop.
  2203 | D:4      | Noticed Duvessa
  2203 | D:4      | Noticed Dowan
  2295 | D:3      | Reached skill level 6 in Axes
  2367 | D:4      | Noticed Pikel
  2367 | D:4      | Noticed a lemure
  2367 | D:4      | Noticed a lemure
  2367 | D:4      | Noticed a lemure
  2368 | D:4      | Noticed a lemure
  2447 | D:4      | Noticed Blork the orc
  2457 | D:4      | Killed Blork the orc
  2458 | D:4      | Reached XP level 5. HP: 26/42 MP: 5/5
  2548 | D:4      | Reached skill level 7 in Axes
  2927 | D:4      | Reached XP level 6. HP: 35/50 MP: 6/6
  3059 | D:4      | Killed Duvessa
  3060 | D:4      | Reached skill level 8 in Axes
  3073 | D:4      | Killed Dowan
  3326 | D:4      | Identified the +4 falchion of Massacring {vamp, rElec rN++
                  | rCorr}
  3337 | D:4      | Reached XP level 7. HP: 53/54 MP: 7/7
  3352 | D:4      | HP: 2/81 [Pikel/bolt of dispelling energy (11)]
  3354 | D:4      | Slain by Pikel

Illustrated notes

Levels and vault maps discovered:
D:1:      dpeg_arrival_simpleton_a, layout_basic, serial_shops,
          nicolae_diamond_shop, shop, nicolae_shop_waterfront,
          nicolae_shop_temple_entry_statues_fountains, minmay_tromino_v2
D:2:      layout_basic, serial_aquarium, aquarium_bridge_island_small
          [aquarium_subvault_small_water, aquarium_subvault_wall,
          aquarium_subvault_bridge, aquarium_subvault_balcony,
          aquarium_subvault_bridge], aquarium_window_1,
          aquarium_window_corridor_1, aquarium_view_2f, aquarium_view_2d,
          basic_altar
D:3:      layout_loops_cross, lemuel_round_altar, serial_shops,
          nicolae_shop_competitors_out_of_business, nicolae_square_shop,
          shop_statue, nicolae_lakefront_shop, minmay_misc_feat_alley,
          kennysheep_crisscross
D:4:      layout_basic, chequers_jeans, uniq_blork_the_orc, uniq_pikel,
          uniq_duvessa

Skill      XL: |  1  2  3  4  5  6 |
---------------+-------------------+-----
Armour         | 1 2 3 4 |  4.1
Axes           | 5 6 7 8 |  8.5
Fighting       | |  2.4
Throwing       | |  1.7
Dodging        | |  2.4

Action                   |  1- 3 |  4- 6 |  7- 9 || total
-------------------------+-------+-------+-------++-------
Melee: War axe           |    80 |    13 |       ||    93
       Broad axe         |       |    90 |    13 ||   103
       Punch             |       |     2 |       ||     2
Throw: Dart              |       |     5 |       ||     5
  Use: Potion            |       |     6 |     5 ||    11
       Scroll            |       |     5 |       ||     5
Armor: Leather armour    |     6 |       |       ||     6
       Ring mail         |    27 |     5 |       ||    32
       Chain mail        |       |    80 |     6 ||    86
Dodge: Dodged            |    39 |    49 |     2 ||    90

Table legend: (Time is in decaauts)
 A = Elapsed time spent in this place.
 B = Non-inter-level travel time spent in this place.
 C = Inter-level travel time spent in this place.
 D = Time resting spent in this place.
 E = Time spent auto-exploring this place.
 F = Levels seen in this place.
 G = Mean time per level.
                   A        B        C        D        E       F      G
               +--------+--------+--------+--------+--------+-----+--------+
         Total |   3403 |   3219 |    184 |    401 |   2081 |   4 |  850.8 |
       Dungeon |   3403 |   3219 |    184 |    401 |   2081 |   4 |  850.8 |
               +--------+--------+--------+--------+--------+-----+--------+

Top non-repeatable levels by time:
     D:3: 1101 daAuts
     D:2: 898 daAuts
     D:4: 733 daAuts
     D:1: 669 daAuts
